 Dungeon Crawl Stone Soup version 0.21-a0-178-g0b87683 (webtiles) character file.

128 Dfrag the Firebug (level 4, -3/30 HPs)
             Began as a Demonspawn Fire Elementalist on Aug 9, 2017.
             Slain by an orc
             ... wielding a +0 club
              (5 damage)
             ... on level 3 of the Dungeon.
             The game lasted 00:04:27 (2133 turns).

Dfrag the Firebug (Demonspawn Fire Elementalist)    Turns: 2133, Time: 00:04:27

Health: -3/30      AC:  2    Str:  8    XL:     4   Next: 86%
Magic:  0/8        EV: 14    Int: 17    God:
Gold:   98         SH:  0    Dex: 14    Spells: 8/9 levels left

rFire    . . .     SeeInvis .   (no weapon)
rCold    . . .     Gourm    .   (no shield)
rNeg     . . .     Faith    .   a - +0 robe
rPois    .         Spirit   .   (no helmet)
rElec    .         Reflect  .   (no cloak)
rCorr    .         Harm     .   (no gloves)
MR       .....                  (no boots)
Stlth    ++........             (no amulet)
HPRegen  0.10/turn              d - ring of flight
MPRegen  0.11/turn              (no ring)

@: no status effects
A: repulsion field 1, powered by pain 1
a: Evoke Flight


You were on level 3 of the Dungeon.
You were not hungry.

You visited 1 branch of the dungeon, and saw 3 of its levels.

You collected 98 gold pieces.

Inventory:

Hand Weapons
 e - a +2 vampiric dagger
Armour
 a - a +0 robe (worn)
Jewellery
 d - a ring of flight (left hand)
Scrolls
 f - a scroll of magic mapping {unknown}
 g - a scroll of enchant weapon {unknown}
 j - 2 scrolls of teleportation {unknown}
 l - a scroll of recharging {unknown}
 m - 2 scrolls of identify {unknown}
Potions
 i - a potion of curing {unknown}
Books
 b - a book of Flames

   Spells                             Type                      Level
   a - Flame Tongue                   Conjuration/Fire             1
   b - Throw Flame                    Conjuration/Fire             2
   c - Conjure Flame                  Conjuration/Fire             3
   d - Inner Flame                    Hexes/Fire                   3
   e - Sticky Flame                   Conjuration/Fire             4
   f - Fireball                       Conjuration/Fire             5
Comestibles
 c - 4 bread rations
 h - 5 fruits
 k - a meat ration


   Skills:
 - Level 1.7 Dodging
 - Level 1.7 Stealth
 + Level 3.0 Spellcasting
 + Level 2.6 Conjurations
 + Level 3.8 Fire Magic


You had 8 spell levels left.
You knew the following spells:

 Your Spells              Type           Power        Failure   Level  Hunger
a - Flame Tongue          Conj/Fire      ##...        4%          1    None


Dungeon Overview and Level Annotations

Branches:
Dungeon (3/15)

Altars:


Innate Abilities, Weirdness & Mutations

You are surrounded by a mild repulsion field. (EV +2)
You sometimes gain a little power by taking damage.


Message History

Press: ? - help, Shift-Dir - straight line, f/p - orc
Aim: an orc, wielding a dagger and wearing a leather armour The flame tongue hits the orc.
You kill the orc!
Casting: Flame Tongue
Confirm with . or Enter, or press ? or * to list all spells.
Aiming: Flame Tongue
Press: ? - help, Shift-Dir - straight line, f - goblin
Aim: a goblin, wielding a dagger The flame tongue hits the goblin.
You kill the goblin!
Casting: Flame Tongue
Confirm with . or Enter, or press ? or * to list all spells.
Aiming: Flame Tongue
Press: ? - help, Shift-Dir - straight line, f - orc
Aim: an orc, wielding a club (heavily wounded)
The flame tongue hits the orc.
The orc is severely wounded.
The orc hits you with a club.
You die...

## ..# .. ####### #.# ... #..
..######.# ... #.# ........#
##### ... ######.###.##.##..#
#...# ..#
#...##.....##.....###...#
..########.##.###[##.##........##
...............o@................
.....##....##'######[####†......#
...#.##.##.#......g..# ##......#
.#...##.##.+.........# #......#
.#....o.####.........# ##......
......### #.........# #.###.#
##...÷<# #.........# #.. .#
#.#.o######.........# ##.# .#
#........##.........# .. .#


You could see an orc.

Vanquished Creatures
  Jessica (D:2)
  5 adders (D:2)
  3 worms
  A dart slug (D:1)
  2 orcs (D:3)
  5 bats
  A giant cockroach (D:3)
  4 goblins
  3 hobgoblins
  6 jackals
  6 kobolds
  A ball python (D:2)
  2 frilled lizards (D:1)
  6 rats
46 creatures vanquished.

Notes
Turn   | Place    | Note
-------+----------+-------------------------------------------
     0 | D:1      | Dfrag the Demonspawn Fire Elementalist began the quest for the Orb.
     0 | D:1      | Reached XP level 1. HP: 13/13 MP: 3/3
   140 | D:1      | Gained mutation: You sometimes gain a little power by taking damage. [demonic ancestry]
   140 | D:1      | Reached XP level 2. HP: 9/19 MP: 1/5
   536 | D:2      | Reached XP level 3. HP: 20/24 MP: 0/6
   553 | D:2      | HP: 1/24 [adder (3)]
   939 | D:2      | Noticed Jessica
   955 | D:2      | Killed Jessica
   955 | D:2      | Gained mutation: You are surrounded by a mild repulsion field. (EV +2) [demonic ancestry]
   955 | D:2      | Reached XP level 4. HP: 22/30 MP: 0/7
  2130 | D:3      | HP: 1/30 [orc/dagger (5)]
  2133 | D:3      | Slain by an orc

Vault maps used:
D:1:      scummos_arrival_checkerplants, minmay_liquid_box, minmay_statues_item
D:2:      first_bread, uniq_jessica
D:3:      nicolae_qazlal_style_of_elements

Skill      XL: |  1  2  3  4 |
---------------+-------------+-----
Fire Magic     | 3 |  3.8
Conjurations   | 2 |  2.6
Spellcasting   | 3 |  3.0
Dodging        | |  1.7
Stealth        | |  1.7

Action                   |  1- 3 |  4- 6 || total
-------------------------+-------+-------++-------
Melee: Unarmed           |    38 |    25 ||    63
 Cast: Flame Tongue      |    38 |    50 ||    88
  Use: Potion            |     1 |     1 ||     2
  Eat: Chunk             |       |     4 ||     4
Armor: Robe              |     7 |    11 ||    18
       Skin              |     5 |    13 ||    18
Dodge: Dodged            |    40 |    49 ||    89
